SNL (28 & UNDER)
BLACKIRON DRAGONS @ GAINESVILLE GUIDOS
08/06/2026
 
TOP OF THE 1ST
BlackIron Dragons batting - Pitching for Gainesville Guidos : LHP José Acevedo
Pitching: LHP José Acevedo
Batting: LHB Donnie Cunningham 0-0: Foul Ball, location: 2F
0-1: Ball
1-1: Called Strike
1-2: Ball
2-2: Strikes out swinging
Batting: RHB Boyd Pittman 0-0: Swinging Strike
0-1: Called Strike
0-2: Foul Ball, location: 2F
0-2: Ball
1-2: Foul Ball, location: 2F
1-2: Ball
2-2: Strikes out looking
Batting: LHB Manuel Cardenas 0-0: Ball
1-0: Called Strike
1-1: Ball
2-1: SINGLE (Groundball, 34)
Batting: RHB Gil Palmer 0-0: Ball
1-0: Foul Ball, location: 2F
1-1: Ball
2-1: Foul Ball, location: 2F
2-2: Foul Ball, location: 2F
2-2: Ball
3-2: 2-RUN HOME RUN (Flyball, 7LD), Distance : 348 ft
Batting: LHB Culley Vaughan 0-0: Called Strike
0-1: Ball
1-1: Ball
2-1: Foul Ball, location: 2F
2-2: Foul Ball, location: 2F
2-2: SINGLE (Flyball, 9S)
Batting: RHB Frank Maxwell 0-0: Ground out 5-3 (Groundball, 56)
Top of the 1st over - 2 run(s), 3 hit(s), 0 error(s), 1 left on base; BlackIron 2 - Gainesville 0
BOTTOM OF THE 1ST
Gainesville Guidos batting - Pitching for BlackIron Dragons : RHP Víctor Ventura
Pitching: RHP Víctor Ventura
Batting: RHB Iván Moreno 0-0: Fly out, F3 (Popup, 3D)
Batting: LHB Eddy Jefferson 0-0: Ball
1-0: Ball
2-0: Ball
3-0: Base on Balls
Batting: LHB Mark Owens 0-0: Foul Ball, location: 2F
0-1: Ball
1-1: Fly out, F4 (Popup, 34)
Batting: LHB António Cedeño 0-0: Ball
1-0: Foul Ball, location: 2F
1-1: Ball
2-1: Swinging Strike
2-2: Strikes out swinging
Bottom of the 1st over - 0 run(s), 0 hit(s), 0 error(s), 1 left on base; BlackIron 2 - Gainesville 0
TOP OF THE 2ND
BlackIron Dragons batting - Pitching for Gainesville Guidos : LHP José Acevedo
Batting: RHB Mark Arnold 0-0: Foul Ball, location: 2F
0-1: Ball
1-1: Fly out, F8 (Flyball, 8RM)
Batting: RHB Preston MacLyan 0-0: Ball
1-0: Foul Ball, location: 2F
1-1: Called Strike
1-2: Ball
2-2: Foul Ball, location: 2F
2-2: Ball
3-2: Strikes out swinging
Batting: RHB Doug O'Brien 0-0: Swinging Strike
0-1: Swinging Strike
0-2: Foul Ball, location: 2F
0-2: Strikes out swinging
Top of the 2nd over - 0 run(s), 0 hit(s), 0 error(s), 0 left on base; BlackIron 2 - Gainesville 0
BOTTOM OF THE 2ND
Gainesville Guidos batting - Pitching for BlackIron Dragons : RHP Víctor Ventura
Batting: RHB Kurt Walter 0-0: Ball
1-0: Ball
2-0: SINGLE (Groundball, 56D)
Batting: RHB José Ortega 0-0: Ball
1-0: SINGLE (Line Drive, 3D)
Kurt Walter to second
Batting: LHB Scott Young 0-0: Grounds out, U3 (Groundball, 3L)
Kurt Walter to third
Batting: RHB Kyle O'Day 0-0: Ball
1-0: Ball
2-0: Ball
3-0: Base on Balls
Batting: RHB Júlio Galló 0-0: Ball
1-0: Ball
2-0: Ball
3-0: Called Strike
3-1: Fly out, F9 (Flyball, 89M)
Runner from 3rd tags up, SCORES, throw made
Batting: RHB Iván Moreno 0-0: Called Strike
0-1: SINGLE (Groundball, 56D)
José Ortega to third
Kyle O'Day to second
Runner from 3rd tries for Home, throw and OUT!
Bottom of the 2nd over - 1 run(s), 3 hit(s), 0 error(s), 2 left on base; BlackIron 2 - Gainesville 1
TOP OF THE 3RD
BlackIron Dragons batting - Pitching for Gainesville Guidos : LHP José Acevedo
Batting: LHB Donnie Cunningham 0-0: Ground out 6-3 (Groundball, 6)
Batting: RHB Boyd Pittman 0-0: Foul Ball, location: 2F
0-1: Ground out 4-3 (Groundball, 4)
Batting: LHB Manuel Cardenas 0-0: Ball
1-0: Called Strike
1-1: SINGLE (Line Drive, 9S)
Batting: RHB Gil Palmer 0-0: Called Strike
0-1: Called Strike
0-2: Ball
1-2: Ball
2-2: Foul Ball, location: 2F
2-2: Ball
3-2: Foul Ball, location: 2F
3-2: Foul Ball, location: 2F
3-2: Foul Ball, location: 2F
3-2: Strikes out swinging
Top of the 3rd over - 0 run(s), 1 hit(s), 0 error(s), 1 left on base; BlackIron 2 - Gainesville 1
BOTTOM OF THE 3RD
Gainesville Guidos batting - Pitching for BlackIron Dragons : RHP Víctor Ventura
Batting: LHB Eddy Jefferson 0-0: Ball
1-0: Ball
2-0: Called Strike
2-1: Called Strike
2-2: Foul Ball, location: 2F
2-2: Ball
3-2: Foul Ball, location: 2F
3-2: SINGLE (Line Drive, 8LS)
Batting: LHB Mark Owens 0-0: Ball
1-0: Foul Ball, location: 2F
1-1: Called Strike
Eddy Jefferson steals 2nd base
1-2: Fly out, F8 (Flyball, 8LM)
Batting: LHB António Cedeño 0-0: Called Strike
Eddy Jefferson steals 3rd base
0-1: Ball
1-1: Foul Ball, location: 2F
1-2: Ball
2-2: Foul Ball, location: 2F
2-2: Strikes out swinging
Batting: RHB Kurt Walter 0-0: Ball
1-0: Called Strike
1-1: SINGLE (Line Drive, 34)
Eddy Jefferson scores
Batting: RHB José Ortega 0-0: Called Strike
0-1: Ball
1-1: Ball
2-1: Foul Ball, location: 2F
2-2: Ball
3-2: Strikes out swinging
Bottom of the 3rd over - 1 run(s), 2 hit(s), 0 error(s), 1 left on base; BlackIron 2 - Gainesville 2
TOP OF THE 4TH
BlackIron Dragons batting - Pitching for Gainesville Guidos : LHP José Acevedo
Batting: LHB Culley Vaughan 0-0: Called Strike
0-1: Ball
1-1: Ball
2-1: Foul Ball, location: 2F
2-2: Strikes out swinging
Batting: RHB Frank Maxwell 0-0: Ground out 1-3 (Groundball, 25)
Batting: RHB Mark Arnold 0-0: Swinging Strike
0-1: Swinging Strike
0-2: Ball
1-2: Strikes out swinging
Top of the 4th over - 0 run(s), 0 hit(s), 0 error(s), 0 left on base; BlackIron 2 - Gainesville 2
BOTTOM OF THE 4TH
Gainesville Guidos batting - Pitching for BlackIron Dragons : RHP Víctor Ventura
Batting: LHB Scott Young 0-0: Called Strike
0-1: Foul Ball, location: 2F
0-2: SINGLE (Flyball, 8LS)
Batting: RHB Kyle O'Day 0-0: Ball
1-0: SINGLE (Groundball, 5L) (infield hit)
Scott Young to second
Batting: RHB Júlio Galló 0-0: Foul Ball, location: 2F
0-1: Called Strike
0-2: Foul Ball, location: 2F
0-2: Strikes out swinging
Batting: RHB Iván Moreno 0-0: Foul Ball, location: 2F
0-1: Called Strike
0-2: Foul Ball, location: 2F
0-2: Grounds into double play, 5-4-3 (Groundball, 5)
Bottom of the 4th over - 0 run(s), 2 hit(s), 0 error(s), 1 left on base; BlackIron 2 - Gainesville 2
TOP OF THE 5TH
BlackIron Dragons batting - Pitching for Gainesville Guidos : LHP José Acevedo
Batting: RHB Preston MacLyan 0-0: Called Strike
0-1: Ball
1-1: Swinging Strike
1-2: Ball
2-2: Ball
3-2: Base on Balls
Pitching: RHP Salvador De Jesús
Batting: RHB Doug O'Brien 0-0: Swinging Strike
0-1: Ball
1-1: Fly out, F7 (Flyball, 7LM)
Batting: LHB Donnie Cunningham 0-0: Ball
1-0: Foul Ball, location: 2F
1-1: Ball
2-1: TRIPLE (Flyball, 9D)
Preston MacLyan scores
Batting: RHB Boyd Pittman 0-0: Called Strike
0-1: Ground out U3 (Groundball, 3)
Batting: LHB Manuel Cardenas 0-0: Ball
1-0: Ball
2-0: Foul Ball, location: 2F
2-1: Swinging Strike
2-2: Ground out 6-3 (Groundball, 6M)
Top of the 5th over - 1 run(s), 1 hit(s), 0 error(s), 1 left on base; BlackIron 3 - Gainesville 2
BOTTOM OF THE 5TH
Gainesville Guidos batting - Pitching for BlackIron Dragons : RHP Víctor Ventura
Batting: LHB Eddy Jefferson 0-0: Ball
1-0: Ball
2-0: Foul Ball, location: 2F
2-1: Fly out, F8 (Flyball, 8RS)
Batting: LHB Mark Owens 0-0: Called Strike
0-1: Ball
1-1: Ball
2-1: Ball
3-1: Swinging Strike
3-2: SINGLE (Line Drive, 3D)
Batting: LHB António Cedeño 0-0: Ball
1-0: Ball
2-0: Ball
3-0: Called Strike
3-1: Base on Balls
Mark Owens to second
Pitching: RHP Bret McJannett
Batting: RHB Kurt Walter 0-0: Fly out, F7 (Flyball, 78XD)
Runner from 2nd tags up, SAFE at 3rd, no throw
Batting: RHB José Ortega 0-0: Ball
1-0: Called Strike
1-1: Fly out, F8 (Flyball, 8RXD)
Bottom of the 5th over - 0 run(s), 1 hit(s), 0 error(s), 2 left on base; BlackIron 3 - Gainesville 2
TOP OF THE 6TH
BlackIron Dragons batting - Pitching for Gainesville Guidos : RHP Salvador De Jesús
Batting: RHB Gil Palmer 0-0: Ball
1-0: Ground out 5-3 (Groundball, 5S)
Batting: LHB Culley Vaughan 0-0: Ball
1-0: Called Strike
1-1: Called Strike
1-2: Ball
2-2: Strikes out looking
Batting: RHB Frank Maxwell 0-0: Ball
1-0: Ball
2-0: Ball
3-0: Base on Balls
Batting: RHB Mark Arnold 0-0: Ball
1-0: Swinging Strike
1-1: Called Strike
1-2: Strikes out swinging
Top of the 6th over - 0 run(s), 0 hit(s), 0 error(s), 1 left on base; BlackIron 3 - Gainesville 2
BOTTOM OF THE 6TH
Gainesville Guidos batting - Pitching for BlackIron Dragons : RHP Bret McJannett
Batting: LHB Scott Young 0-0: Ball
1-0: Called Strike
1-1: Foul Ball, location: 2F
1-2: Strikes out swinging
Batting: RHB Kyle O'Day 0-0: Ball
1-0: Ball
2-0: Ground out 1-3 (Groundball, 15S)
Batting: RHB Júlio Galló 0-0: Fly out, F9 (Flyball, 9LM)
Bottom of the 6th over - 0 run(s), 0 hit(s), 0 error(s), 0 left on base; BlackIron 3 - Gainesville 2
TOP OF THE 7TH
BlackIron Dragons batting - Pitching for Gainesville Guidos : RHP Salvador De Jesús
Pitching: RHP Josh Higgins
Batting: RHB Preston MacLyan 0-0: Called Strike
0-1: Ball
1-1: Foul Ball, location: 2F
1-2: Hit by Pitch
Batting: RHB Doug O'Brien 0-0: Ball
1-0: Ball
2-0: SINGLE (Groundball, 6MD)
Preston MacLyan to second
Batting: LHB Donnie Cunningham 0-0: Ball
Preston MacLyan steals 3rd base
Doug O'Brien to second
1-0: Foul Ball, location: 2F
1-1: Foul Ball, location: 2F
1-2: Strikes out swinging
Pinch Hitting: LHB Chris Waggoner 0-0: Intentional Walk
Batting: LHB Manuel Cardenas 0-0: Ball
1-0: Fly out, F7 (Flyball, 7M)
Runner from 3rd tags up, SCORES, no throw
Batting: RHB Gil Palmer 0-0: Ball
1-0: Ball
2-0: Ball
3-0: Base on Balls
Doug O'Brien to third
Chris Waggoner to second
Batting: LHB Culley Vaughan 0-0: Fly out, F9 (Flyball, 9M)
Top of the 7th over - 1 run(s), 1 hit(s), 0 error(s), 3 left on base; BlackIron 4 - Gainesville 2
BOTTOM OF THE 7TH
Gainesville Guidos batting - Pitching for BlackIron Dragons : RHP Bret McJannett
Now at SS: Orlando Cintrón
Batting: RHB Iván Moreno 0-0: Ball
1-0: Called Strike
1-1: Ground out 3-1 (Groundball, 34S)
Pitching: RHP Luis Canseco
Batting: LHB Eddy Jefferson 0-0: Ball
1-0: Ball
2-0: Foul Ball, location: 2F
2-1: Ball
3-1: Fly out, F4 (Popup, 34)
Batting: LHB Mark Owens 0-0: Ball
1-0: Foul Ball, location: 2F
1-1: Ball
2-1: Foul Ball, location: 2F
2-2: Foul Ball, location: 2F
2-2: Foul Ball, location: 2F
2-2: Ball
3-2: Ground out 4-3 (Groundball, 4)
Bottom of the 7th over - 0 run(s), 0 hit(s), 0 error(s), 0 left on base; BlackIron 4 - Gainesville 2
TOP OF THE 8TH
BlackIron Dragons batting - Pitching for Gainesville Guidos : RHP Josh Higgins
Batting: RHB Frank Maxwell 0-0: Swinging Strike
0-1: Swinging Strike
0-2: Foul Ball, location: 2F
0-2: Ball
1-2: Ball
2-2: Ball
3-2: Foul Ball, location: 2F
3-2: Foul Ball, location: 2F
3-2: Base on Balls
Batting: RHB Mark Arnold 0-0: Swinging Strike
0-1: Ball
1-1: Reached on error, E5 (Groundball, 5S)
Frank Maxwell to second
Batting: RHB Preston MacLyan 0-0: Called Strike
0-1: Ball
1-1: Swinging Strike
1-2: Strikes out swinging
Batting: RHB Doug O'Brien 0-0: Ball
1-0: Ball
2-0: Ball
3-0: Base on Balls
Frank Maxwell to third
Mark Arnold to second
Pitching: RHP Marlon Ryan
Batting: LHB Donnie Cunningham 0-0: Ball
1-0: Fly out, F8 (Flyball, 78M)
Runner from 3rd tags up, SCORES, throw made
Batting: RHB Orlando Cintrón 0-0: SINGLE (Line Drive, 78M)
Mark Arnold to third
Doug O'Brien to second
Runner from 3rd tries for Home, SAFE, throw made home
Doug O'Brien to third
Orlando Cintrón to second
Batting: LHB Manuel Cardenas 0-0: Foul Ball, location: 2F
0-1: Ground out 4-3 (Groundball, 4S)
Top of the 8th over - 2 run(s), 1 hit(s), 1 error(s), 2 left on base; BlackIron 6 - Gainesville 2
BOTTOM OF THE 8TH
Gainesville Guidos batting - Pitching for BlackIron Dragons : RHP Luis Canseco
Batting: LHB António Cedeño 0-0: Ball
1-0: Swinging Strike
1-1: Ball
2-1: Foul Ball, location: 2F
2-2: Fly out, F9 (Line Drive, 9LM)
Batting: RHB Kurt Walter 0-0: Called Strike
0-1: Ball
1-1: Swinging Strike
1-2: Strikes out looking
Batting: RHB José Ortega 0-0: Called Strike
0-1: Fly out, F8 (Flyball, 8LD)
Bottom of the 8th over - 0 run(s), 0 hit(s), 0 error(s), 0 left on base; BlackIron 6 - Gainesville 2
TOP OF THE 9TH
BlackIron Dragons batting - Pitching for Gainesville Guidos : RHP Marlon Ryan
Batting: RHB Gil Palmer 0-0: Called Strike
0-1: Ball
1-1: Ball
2-1: Ball
3-1: Base on Balls
Batting: LHB Culley Vaughan 0-0: Ball
Gil Palmer is caught stealing 2nd base
1-0: Ground out 6-3 (Groundball, 6)
Batting: RHB Frank Maxwell 0-0: Foul Ball, location: 2F
0-1: SINGLE (Flyball, 8LS)
Batting: RHB Mark Arnold 0-0: Ball
1-0: SINGLE (Line Drive, 34D)
Frank Maxwell to second
Batting: RHB Preston MacLyan 0-0: Called Strike
0-1: Ball
1-1: Foul Ball, location: 2F
1-2: SINGLE (Groundball, 56D)
Frank Maxwell to third
Mark Arnold to second
Batting: RHB Doug O'Brien 0-0: Fielders Choice at 2nd, 5-4 (Groundball, 5)
Top of the 9th over - 0 run(s), 3 hit(s), 0 error(s), 2 left on base; BlackIron 6 - Gainesville 2
BOTTOM OF THE 9TH
Gainesville Guidos batting - Pitching for BlackIron Dragons : RHP Luis Canseco
Batting: LHB Scott Young 0-0: Foul Ball, location: 2F
0-1: Ball
1-1: Foul Ball, location: 2F
1-2: Ball
2-2: Ball
3-2: Strikes out swinging
Batting: RHB Kyle O'Day 0-0: SINGLE (Groundball, 56D)
Batting: RHB Júlio Galló 0-0: Ball
1-0: Swinging Strike
1-1: Ball
2-1: Swinging Strike
2-2: Ball
3-2: Foul Ball, location: 2F
3-2: Grounds into double play, 6-4-3 (Groundball, 56)
Bottom of the 9th over - 0 run(s), 1 hit(s), 0 error(s), 0 left on base; BlackIron 6 - Gainesville 2
Monday, December 5th, 2016 - OOTP Baseball 17.12 Build 75